 Dungeon Crawl Stone Soup version 0.20-a0-633-gff4aa5c (webtiles) character file.

64437 Goblin1989 the Bludgeoner (level 15, -13/120 HPs)
             Began as a Barachian Fighter on Feb 11, 2017.
             Was a High Priest of Okawaru.
             Mangled by an orc warrior
             ... wielding a +0 mace
             ... led by Saint Roka
              (14 damage)
             ... on level 1 of the Orcish Mines.
             The game lasted 01:03:20 (24590 turns).

Goblin1989 the Bludgeoner (Barachian Fighter)      Turns: 24590, Time: 01:03:20

Health: -13/120    AC: 31    Str: 22    XL:     15   Next: 13%
Magic:  14/21      EV: 10    Int: 11    God:    Okawaru [*****.]
Gold:   1059       SH: 20    Dex: 12    Spells: 14/14 levels left

rFire    . . .     SeeInvis .   b - +3 eveningstar (protect)
rCold    . . .     Gourm    .   x - +1 plate armour {MR+}
rNeg     . . .     Faith    .   c - +1 shield
rPois    .         Spirit   .   F - +2 hat {MR+}
rElec    .         Reflect  +   E - +0 cloak
rCorr    .         Harm     .   J - +1 pair of gloves
MR       +++..                  C - +1 pair of boots {Fly}
Stlth    ..........             y - +5 amulet of reflection
Regen    0.3/turn               (no ring)
                                k - +3 ring of intelligence

@: heroism, finesse, protection aura, flying, slow
A: swims, horns 1, molten scales 1, clever 1, deformed body, sense surroundings
1, slowness 1, strong 1, MP-powered wands, strong legs 2
a: Hop, Heroism, Finesse, Renounce Religion, Stop Flying


You were on level 1 of the Orcish Mines.
You worshipped Okawaru.
Okawaru was extremely pleased with you.
You were hungry.

You visited 4 branches of the dungeon, and saw 21 of its levels.
You also visited: Sewer.

You collected 1491 gold pieces.
You spent 432 gold pieces at shops.

Inventory:

Hand Weapons
 a - the +6 rapier "Kapsonuu" {pierce, rPois Dex+4}
   (You found it on level 6 of the Lair of Beasts)

   It inflicts extra damage upon your enemies.
   It affects your dexterity (+4).
   It protects you from poison.
 b - a +3 eveningstar of protection (weapon)
 w - a +0 blowgun {@w1}
 K - a +1 demon whip of venom
Missiles
 d - 3 curare-tipped needles
 Z - 2 throwing nets {!d, =f}
Armour
 c - a +1 shield (worn)
 x - a +1 plate armour of magic resistance (worn)
 C - a +1 pair of boots of flying (worn)
 E - a +0 cloak (worn)
 F - a +2 hat of magic resistance (worn)
 J - a +1 pair of gloves (worn)
Jewellery
 k - a +3 ring of intelligence (left hand)
 n - an uncursed amulet of rage
 y - a +5 amulet of reflection (around neck)
Wands
 j - a wand of iceblast (4/15)
 H - a wand of digging (1/24)
 I - a wand of iceblast (9/15)
 L - a wand of iceblast (7/15)
Scrolls
 h - 2 scrolls of enchant armour
 o - a scroll of recharging
 r - a scroll of fear
 t - a scroll of vulnerability {unknown}
 u - 5 scrolls of remove curse {@r2}
 z - a scroll of fog
 A - 4 scrolls of immolation
 B - a scroll of blinking
 G - a scroll of summoning
 M - 3 scrolls of magic mapping
 R - 4 scrolls of identify {@r1}
 T - 5 scrolls of teleportation {!r, @r3}
Potions
 f - 10 potions of curing {@q1}
 g - 3 potions of might
 i - 3 potions of resistance
 m - 2 potions of cancellation
 p - 5 potions of agility
 q - 4 potions of flight
 D - 3 potions of haste {@q3, !q}
Miscellaneous
 N - a lightning rod (4/4)
Comestibles
 e - 7 bread rations {@e1}
 l - 12 meat rations {@e2}
 v - 14 royal jellies


   Skills:
 + Level 12.1(17.1) Fighting
 * Level 16.6(21.6) Maces & Flails
 + Level 11.9(16.9) Armour
 + Level 11.3(16.3) Shields
 - Level 8.0 Invocations


You had 14 spell levels left.
You didn't know any spells.

Dungeon Overview and Level Annotations

Branches:
Dungeon (12/15)            Temple (1/1) D:6            Lair (6/6) D:11
  Swamp (0/4) Lair:2        Snake (0/4) Lair:2        Slime (0/5) Lair:6
    Orc (2/2) D:11
    Elf: Orc:2

Altars:
Ashenzari
Cheibriados
Dithmenos
Elyvilon
Fedhas
Gozag
Hepliaklqana
Kikubaaqudgha
Makhleb
Nemelex Xobeh
Okawaru
Qazlal
Ru
Sif Muna
Trog
Uskayaw
Vehumet
Xom
Yredelemnul
Zin
The Shining One

Shops:
Orc:2 :*[(

Annotations:
D:12 Harold
Lair:2 Sonja
Lair:3 exclusion: 2 oklob plants
Lair:4 exclusion: 3 oklob plants
Orc:1 Saint Roka


Innate Abilities, Weirdness & Mutations

You can swim through water.
You cover ground slowly.
You can hop longer distances.
You have a pair of small horns on your head.
You are partially covered in molten scales. (AC +2)
Your mind is acute. (Int +2)
Armour fits poorly on your strangely shaped body.
You passively map a small area around you.
Your muscles are strong. (Str +2)
You expend magic power (3 MP) to strengthen your wands.


Message History

The orc warrior no longer looks unusually strong.
You block the ogre's attack.
You bludgeon Saint Roka!! You headbutt Saint Roka.
Saint Roka is moderately wounded.
You block the orc's attack. You block Saint Roka's attack.
You hit Saint Roka.
Saint Roka is moderately wounded.
You block the orc's attack. You block the orc warrior's attack.
The orc warrior hits you but does no damage.
You closely miss Saint Roka. You headbutt Saint Roka!
Saint Roka is moderately wounded.
You block the orc's attack.
Your shield and plate armour prevent you from hitting Saint Roka.
Saint Roka is moderately wounded.
You block the ogre's attack. The orc barely misses you.
Saint Roka calls down the wrath of Beogh upon you.
Beogh smites you!
You take 14 damage, and have 75/120 hp.
You bludgeon Saint Roka!!
Saint Roka is heavily wounded.
The orc warrior no longer looks unusually strong.
You block the orc warrior's attack. x2
You sock Saint Roka!
You headbutt Saint Roka, but do no damage.
Saint Roka is heavily wounded.
You hit Saint Roka but do no damage.
Saint Roka is heavily wounded.
You block the orc's attack. x2
Saint Roka roars a battlecry!
The orc warriors go into a battle-frenzy!
You closely miss Saint Roka.
Saint Roka is heavily wounded.
You block the ogre's attack. You block the orc warrior's attack.
The orc warrior barely misses you.
You puncture Saint Roka!
Saint Roka is heavily wounded.
You hit Saint Roka but do no damage.
You headbutt Saint Roka, but do no damage.
Saint Roka is heavily wounded.
You block the orc's attack.
Saint Roka hits you with a dire flail of protection!
You block the orc's attack.
You take 13 damage, and have 62/120 hp.
You are too injured to fight recklessly!
You are too injured to fight recklessly!
You are too injured to fight recklessly!
You are too injured to fight recklessly!
You are too injured to fight recklessly!
You are too injured to fight recklessly!
You are too injured to fight recklessly!
You are too injured to fight recklessly!
You are too injured to fight recklessly!
Unknown command.
You gain the combat prowess of a mighty hero.
The orc no longer looks unusually strong.
The orc warrior hits you with a dire flail.
You block the orc warrior's attack. You block the ogre's attack.
You block the orc's attack. x2
Saint Roka hits you with a dire flail of protection!
* * * LOW HITPOINT WARNING * * *
You take 13 damage, and have 49/120 hp.
You now have 13/21 mp.
You are too injured to fight recklessly!
You are too injured to fight recklessly!
You are too injured to fight recklessly!
You are too injured to fight recklessly!
You are too injured to fight recklessly!
You are too injured to fight recklessly!
You are too injured to fight recklessly!
You spit Saint Roka like a pig!!!
You headbutt Saint Roka, but do no damage.
Saint Roka is severely wounded.
The orc warrior barely misses you.
You closely miss Saint Roka.
Saint Roka is severely wounded.
You block the orc warrior's attack.
You barely miss Saint Roka.
Saint Roka is severely wounded.
You block the orc's attack.
The ogre hits you with a giant spiked club!
* * * LOW HITPOINT WARNING * * *
You block the orc's attack.
Saint Roka mumbles some strange prayers to Beogh against you.
Beogh smites you!
* * * LOW HITPOINT WARNING * * *
You take 29 damage, and have 20/120 hp.
O_OOPS!!
MASSIVE DAMAGE!!
You hit Saint Roka but do no damage.
Saint Roka is severely wounded.
Unknown command.
You closely miss Saint Roka.
You headbutt Saint Roka, but do no damage.
Saint Roka is severely wounded.
The orc warrior hits you with a dire flail!!
* * * LOW HITPOINT WARNING * * *
You take 19 damage, and have 1/120 hp.
Unknown command.
You barely miss Saint Roka.
Saint Roka is severely wounded.
The orc no longer looks unusually strong.
You block the orc's attack. The orc warrior hits you with a mace!
You die...

███ ██.█ ██..███
██.....██ ██.......█
██........█
██.........████
█.....ooo.....█
██....o@)....███
█.....o█O....█.██
██.....[█[[......███
████.....██)█[........█
█.........██)[.......██
█.........███........█
███........███.....█.█
█.█.......█.....████
█████...........█ ▓▓▓


You could see Saint Roka, 2 orc warriors, an ogre and 2 orcs.

Vanquished Creatures
  Gastronok (D:9)
  An orc warlord (Orc:2)
  The ghost of HEYYEYAAE the Bludgeoner, a journeyman TrBe of Trog (Lair:6)
  4 hydras
  A catoblepas (Lair:4)
  A two-headed ogre (D:8)
  4 orc high priests (Orc:2)
  A swamp dragon (Lair:2)
  A lindwurm (Lair:4)
  3 orc knights (Orc:2)
  An oklob plant (Orc:2)
  4 orc sorcerers (Orc:2)
  A cyclops (Orc:1)
  2 manticores (Lair:4)
  11 elephants
  5 black mambas
  12 spiny frogs
  2 torpor snails
  6 rime drakes
  6 komodo dragons
  3 meliai (Lair:4)
  A queen bee (Lair:4)
  A troll (Orc:1)
  A polar bear (Lair:6)
  34 blink frogs
  Prince Ribbit (Lair:3)
  A hornet (D:10)
  3 slime creatures (D:10)
  8 hippogriffs
  Sigmund (D:2)
  A shadow (D:11)
  A wyvern (Lair:4)
  63 yaks
  Eustachio (D:5)
  5 basilisks
  3 hogs (D:8)
  A human (D:8)
  A hungry ghost (D:9)
  2 steam dragons
  Edmund (D:6)
  4 nagas (Lair:2)
  4 water moccasins
  A black bear (D:9)
  4 porcupines
  30 orc warriors
  4 sky beasts
  A swamp drake (D:11)
  A phantom (D:8)
  2 ice beasts
  2 necrophages
  7 wolves
  11 ogres
  7 centaurs
  6 big kobolds
  16 crocodiles
  10 bullfrogs
  A gnoll sergeant (D:10)
  2 scorpions
  41 killer bees
  11 wights
  4 howler monkeys
  3 crimson imps
  A centaur zombie (D:5)
  A quasit (D:9)
  12 hounds
  4 jellies
  30 orc wizards
  19 orc priests
  5 iguanas
  Natasha (thrice) (D:3)
  3 worker ants
  A hound skeleton (D:4)
  A worker ant zombie (D:6)
  Robin (D:2)
  15 gnolls
  8 adders
  2 river rats
  2 shadow imps
  An adder zombie (D:5)
  3 worms
  A dart slug (D:2)
  11 leopard geckos
  92 orcs
  14 bats
  8 giant cockroaches
  16 goblins
  11 hobgoblins
  12 jackals
  6 quokkas
  7 ball pythons
  8 frilled lizards
  A jackal skeleton (D:8)
  52 kobolds
  A quokka skeleton (D:6)
  A quokka zombie (D:6)
  7 rats
733 creatures vanquished.

Vanquished Creatures (others)
  Nessos (Lair:4)
  A centaur (D:9)
  An orc wizard (D:10)
  2 orcs (D:7)
  A bush (Lair:3)
  34 fungi
  20 plants
60 creatures vanquished.

Grand Total: 793 creatures vanquished

Notes
Turn   | Place    | Note
-------+----------+-------------------------------------------
     0 | D:1      | Goblin1989 the Barachian Fighter began the quest for the Orb.
     0 | D:1      | Reached XP level 1. HP: 18/18 MP: 1/1
    98 | D:1      | Reached XP level 2. HP: 8/24 MP: 2/2
   292 | D:1      | Reached skill level 3 in Maces & Flails
   520 | D:1      | Reached XP level 3. HP: 26/29 MP: 3/3
  1127 | D:2      | Noticed Robin
  1341 | D:1      | Reached skill level 4 in Maces & Flails
  1536 | D:2      | Killed Robin
  1536 | D:2      | Reached XP level 4. HP: 21/35 MP: 4/4
  1699 | D:2      | Noticed Sigmund
  1730 | D:2      | Killed Sigmund
  1730 | D:2      | Reached skill level 6 in Maces & Flails
  1730 | D:2      | Reached XP level 5. HP: 14/41 MP: 5/5
  1730 | D:2      | Reached XP level 6. HP: 16/47 MP: 6/6
  2627 | D:3      | Found a glowing golden altar of the Shining One.
  3130 | D:3      | Noticed Natasha
  3135 | D:3      | Killed Natasha
  3297 | D:3      | Reached skill level 7 in Maces & Flails
  3352 | D:3      | Reached XP level 7. HP: 28/52 MP: 7/7
  3660 | D:3      | Reached skill level 8 in Maces & Flails
  4094 | D:4      | Found a glowing drain.
  4101 | Sewer    | Entered a sewer
  4185 | Sewer    | Reached skill level 9 in Maces & Flails
  4185 | Sewer    | Reached XP level 8. HP: 55/58 MP: 8/8
  4918 | D:3      | Noticed Natasha
  4934 | D:3      | Killed Natasha
  4939 | D:3      | Noticed Natasha
  4946 | D:3      | Killed Natasha
  5390 | D:5      | Entered Level 5 of the Dungeon
  5393 | D:5      | Got a heavily jewelled robe
  5453 | D:5      | Found a glowing silver altar of Zin.
  5467 | D:5      | Found a bloodstained altar of Trog.
  5481 | D:5      | Noticed Eustachio
  5582 | D:5      | Killed Eustachio
  6348 | D:5      | Found a blossoming altar of Fedhas.
  6348 | D:5      | Found a deep blue altar of Sif Muna.
  6349 | D:5      | Found a sacrificial altar of Ru.
  6352 | D:5      | Reached skill level 10 in Maces & Flails
  6433 | D:5      | Reached XP level 9. HP: 66/66 MP: 9/9
  6496 | D:6      | Found a staircase to the Ecumenical Temple.
  6525 | Temple   | Entered the Ecumenical Temple
  6613 | Temple   | Became a worshipper of Warmaster Okawaru
  6776 | D:6      | Reached skill level 5 in Fighting
  6779 | D:6      | Gained mutation: You evolve. [mutagenic meat]
  6780 | D:6      | Gained mutation: You regenerate slowly when monsters are visible. [mutagenic meat]
  6816 | D:6      | Gained mutation: Your spells are a little harder to cast, but a little more powerful. [evolution]
  7012 | D:6      | Noticed Edmund
  7036 | D:6      | Killed Edmund
  7185 | D:6      | Reached skill level 5 in Armour
  7201 | D:6      | Found an ancient bone altar of Kikubaaqudgha.
  7309 | D:6      | Reached * piety under Okawaru
  7461 | D:7      | Found a stormy altar of Qazlal.
  7530 | D:7      | Reached skill level 5 in Shields
  8265 | D:7      | Gained mutation: Your spells are harder to cast, but more powerful. [mutagenic meat]
  8266 | D:7      | Gained mutation: You are frail. (-10% HP) [mutagenic meat]
  8267 | D:7      | Gained mutation: You have a pair of small horns on your head. [mutagenic meat]
  8268 | D:7      | Lost mutation: Your spells are harder to cast, but more powerful. [mutagenic meat]
  8269 | D:7      | Gained mutation: Your movements are slightly less encumbered by armour. (ER -2) [mutagenic meat]
  8285 | D:7      | Reached skill level 11 in Maces & Flails
  8750 | D:7      | Reached XP level 10. HP: 54/68 MP: 10/10
  8857 | D:8      | Noticed a two-headed ogre
  8868 | D:8      | Killed a two-headed ogre
  8868 | D:8      | Reached ** piety under Okawaru
  9194 | D:8      | Reached *** piety under Okawaru
  9237 | D:8      | Gained mutation: You are clumsy. (Dex -2) [mutagenic meat]
  9240 | D:8      | Lost mutation: You are clumsy. (Dex -2) [mutagenic meat]
  9241 | D:8      | Gained mutation: Your magical capacity is low. (-10% MP) [mutagenic meat]
  9538 | D:8      | Lost mutation: Your magical capacity is low. (-10% MP) [potion of mutation]
  9538 | D:8      | Lost mutation: Your movements are slightly less encumbered by armour. (ER -2) [potion of mutation]
  9538 | D:8      | Lost mutation: You are frail. (-10% HP) [potion of mutation]
  9538 | D:8      | Lost mutation: You have a pair of small horns on your head. [potion of mutation]
  9538 | D:8      | Lost mutation: Your spells are a little harder to cast, but a little more powerful. [potion of mutation]
  9538 | D:8      | Gained mutation: Your body sometimes deteriorates upon taking damage. [potion of mutation]
  9538 | D:8      | Gained mutation: You have a somewhat thin skeletal structure. (Dex +2, Stealth) [potion of mutation]
  9538 | D:8      | Gained mutation: You have large cloven feet. [potion of mutation]
  9539 | D:8      | Lost mutation: You regenerate slowly when monsters are visible. [potion of mutation]
  9539 | D:8      | Lost mutation: Your body sometimes deteriorates upon taking damage. [potion of mutation]
  9539 | D:8      | Lost mutation: You have large cloven feet. [potion of mutation]
  9539 | D:8      | Lost mutation: You evolve. [potion of mutation]
  9539 | D:8      | Lost mutation: You have a somewhat thin skeletal structure. (Dex +2, Stealth) [potion of mutation]
  9539 | D:8      | Gained mutation: Your muscles are strong. (Str +2) [potion of mutation]
  9539 | D:8      | Gained mutation: You have a pair of small horns on your head. [potion of mutation]
 10047 | D:9      | Noticed Gastronok
 10145 | D:9      | Reached skill level 12 in Maces & Flails
 10476 | D:9      | Reached **** piety under Okawaru
 10514 | D:9      | Killed Gastronok
 10514 | D:9      | Reached XP level 11. HP: 67/86 MP: 9/11
 10662 | D:10     | Entered Level 10 of the Dungeon
 10884 | D:10     | Reached ***** piety under Okawaru
 11755 | D:11     | Identified a scroll of acquirement
 11989 | D:11     | Found a staircase to the Lair.
 12018 | D:11     | Reached skill level 1 in Invocations
 12021 | D:11     | Reached skill level 13 in Maces & Flails
 12146 | D:11     | Gained mutation: You expend magic power (3 MP) to strengthen your wands. [mutagenic meat]
 12147 | D:11     | Gained mutation: Your body sometimes deteriorates upon taking damage. [mutagenic meat]
 12148 | D:11     | Gained mutation: Armour fits poorly on your strangely shaped body. [mutagenic meat]
 12149 | D:11     | Gained mutation: You passively map a small area around you. [mutagenic meat]
 12150 | D:11     | Lost mutation: Your body sometimes deteriorates upon taking damage. [potion of mutation]
 12150 | D:11     | Gained mutation: Your mind is acute. (Int +2) [potion of mutation]
 12150 | D:11     | Gained mutation: You are partially covered in molten scales. (AC +2) [potion of mutation]
 12221 | D:11     | Found a deep blue altar of Sif Muna.
 13215 | D:11     | Found a staircase to the Orcish Mines.
 13260 | D:11     | Received a gift from Okawaru
 13536 | D:12     | Noticed Harold
 13554 | Lair:1   | Entered Level 1 of the Lair of Beasts
 13568 | Lair:1   | Reached XP level 12. HP: 87/94 MP: 13/13
 13965 | Lair:1   | Received a gift from Okawaru
 13968 | Lair:1   | Got a steaming robe {god gift}
 14855 | Lair:2   | Reached skill level 14 in Maces & Flails
 15112 | Lair:2   | Found a staircase to the Swamp.
 15372 | Lair:2   | Noticed a seven-headed hydra
 15381 | Lair:2   | Killed a seven-headed hydra
 15381 | Lair:2   | Reached skill level 10 in Fighting
 15499 | Lair:2   | Found a staircase to the Snake Pit.
 15900 | Lair:2   | Noticed Sonja
 16210 | Lair:3   | Noticed a four-headed hydra
 16220 | Lair:3   | Killed a four-headed hydra
 16220 | Lair:3   | Reached skill level 5 in Invocations
 16330 | Lair:3   | Gained mutation: You can hop longer distances. [Barachian growth]
 16330 | Lair:3   | Reached XP level 13. HP: 73/103 MP: 16/16
 17381 | Lair:3   | Received a gift from Okawaru
 17627 | Lair:3   | Reached skill level 10 in Armour
 18091 | Lair:3   | Noticed Prince Ribbit
 18112 | Lair:3   | Killed Prince Ribbit
 18250 | Lair:4   | Noticed Nessos
 18272 | Lair:4   | Reached skill level 15 in Maces & Flails
 18302 | Lair:4   | Received a gift from Okawaru
 19566 | Lair:4   | Reached skill level 10 in Shields
 19646 | Lair:4   | Reached XP level 14. HP: 46/113 MP: 19/19
 20458 | Lair:4   | Killed Nessos
 21547 | Lair:6   | Entered Level 6 of the Lair of Beasts
 21606 | Lair:6   | Noticed HEYYEYAAE's ghost (journeyman TrBe)
 21621 | Lair:6   | Killed HEYYEYAAE's ghost
 21644 | Lair:6   | Found a staircase to the Slime Pits.
 21660 | Lair:6   | Got a slimy rapier
 21696 | Lair:6   | Received a gift from Okawaru
 21741 | Lair:6   | Identified the +6 rapier "Kapsonuu" {pierce, rPois Dex+4} (You found it on level 6 of the Lair of Beasts)
 22276 | Lair:6   | Reached skill level 16 in Maces & Flails
 23037 | Orc:1    | Entered Level 1 of the Orcish Mines
 23106 | Orc:2    | Entered Level 2 of the Orcish Mines
 23181 | Orc:2    | Noticed an orc warlord
 23229 | Orc:2    | Killed an orc warlord
 23231 | Orc:2    | HP: 5/114 [orc priest/divine providence (11)]
 23782 | Orc:2    | Reached XP level 15. HP: 104/120 MP: 21/21
 24022 | Orc:2    | Found Hysk's General Store.
 24023 | Orc:2    | Found Quodukul's Book Shoppe.
 24024 | Orc:2    | Found Niron's Antique Armour Emporium.
 24024 | Orc:2    | Found Qolew's Antique Weapon Emporium.
 24029 | Orc:2    | Bought a runed demon whip for 432 gold pieces
 24178 | Orc:2    | Noticed Saint Roka
 24589 | Orc:1    | HP: 1/120 [orc warrior/dire flail (19)]
 24590 | Orc:1    | Mangled by an orc warrior

Vault maps used:
D:1:      minmay_arrival_floating_metal
D:2:      uniq_robin, uniq_sigmund
D:3:      minmay_goblin_kobold_castle, tso_altar, uniq_natasha
D:4:      portal_sewer_entry_b
D:5:      gammafunk_temple_overflow_claw, grunt_temple_overflow_open,
          first_bread, hangedman_glass_garden, cheibrodos_gnoll_hut,
          uniq_eustachio
D:6:      minmay_temple_entry_overgrown, lemuel_tele_altar, uniq_edmund
D:7:      grunt_qazlal_clouds
D:8:      grunt_livestock, serial_bayou_pond_c, grunt_decor_arrowhead
D:9:      uniq_gastronok
D:10:     serial_glass, glass_columns_b, glass_columns_b
D:11:     lair_entry_dummy, erik_orc_1, lemuel_centaur_altar
D:12:     uniq_harold, uniq_kirke
Temple:   regret_index_temple_generic_petals
Lair:2:   minmay_swamp_entry_reptiles, guppyfry_snake_entry_garden,
          hibernation_bobbens, grunt_megastairs_4, serial_bayou_shore_a,
          uniq_sonja
Lair:3:   minmay_lair_oklob_chamber, grunt_megastairs_1, uniq_prince_ribbit2
Lair:4:   hangedman_what_comes_after_a, uniq_nessos
Lair:5:   infiniplex_staircase_pool
Lair:6:   due_jungle_book, slime_dummy
Orc:2:    st_orc_congregation, nicolae_alphabet_shops, mines3_lemuel,
          uniq_saint_roka
Sewer:    kennysheep_pipe_town

Skill      XL: |  1  2  3  4  5  6  7  8  9 10 11 12 13 14 |
---------------+-------------------------------------------+-----
Maces & Flails | 3 4 6 7 9 10 11 12 13 14 15 16 | 16.6
Fighting       | 4 6 8 10 11 12 | 12.1
Armour         | 4 6 7 8 9 10 11 | 11.9
Shields        | 4 5 7 8 9 10 11 | 11.3
Invocations    | 2 5 7 8 |  8.0

Action                   |  1- 3 |  4- 6 |  7- 9 | 10-12 | 13-15 || total
-------------------------+-------+-------+-------+-------+-------++-------
Melee: Flail             |   119 |   211 |   242 |       |       ||   572
       Morningstar       |       |       |   441 |   609 |       ||  1050
       Headbutt          |       |       |     8 |   178 |   206 ||   392
       Eveningstar       |       |       |       |   336 |  1153 ||  1489
Invok: Heroism           |       |       |     3 |    13 |    22 ||    38
       Finesse           |       |       |       |     1 |     8 ||     9
 Abil: Hop               |       |       |     3 |     3 |     2 ||     8
Evoke: Wand              |       |       |       |       |     5 ||     5
  Use: Potion            |       |     2 |     3 |     5 |     6 ||    16
       Scroll            |       |     7 |     9 |    10 |     6 ||    32
 Stab: Petrified         |       |       |       |       |     2 ||     2
       Petrifying        |       |       |       |       |     1 ||     1
  Eat: Chunk             |     2 |     7 |    28 |    34 |    24 ||    95
       Fruit             |       |       |       |     4 |     5 ||     9
Armor: Scale mail        |    65 |    99 |   245 |   143 |       ||   552
       Skin              |       |       |       |    19 |    25 ||    44
       Plate armour      |       |       |       |    77 |   376 ||   453
Dodge: Dodged            |    39 |    52 |   146 |   153 |   197 ||   587
Block: Shield            |    83 |   156 |   633 |   640 |   929 ||  2441
       Reflection        |       |       |    18 |    29 |    17 ||    64

Vault maps used:
D:1:      minmay_arrival_floating_metal
D:2:      uniq_robin, uniq_sigmund
D:3:      minmay_goblin_kobold_castle, tso_altar, uniq_natasha
D:4:      portal_sewer_entry_b
D:5:      gammafunk_temple_overflow_claw, grunt_temple_overflow_open,
          first_bread, hangedman_glass_garden, cheibrodos_gnoll_hut,
          uniq_eustachio
D:6:      minmay_temple_entry_overgrown, lemuel_tele_altar, uniq_edmund
D:7:      grunt_qazlal_clouds
D:8:      grunt_livestock, serial_bayou_pond_c, grunt_decor_arrowhead
D:9:      uniq_gastronok
D:10:     serial_glass, glass_columns_b, glass_columns_b
D:11:     lair_entry_dummy, erik_orc_1, lemuel_centaur_altar
D:12:     uniq_harold, uniq_kirke
Temple:   regret_index_temple_generic_petals
Lair:2:   minmay_swamp_entry_reptiles, guppyfry_snake_entry_garden,
          hibernation_bobbens, grunt_megastairs_4, serial_bayou_shore_a,
          uniq_sonja
Lair:3:   minmay_lair_oklob_chamber, grunt_megastairs_1, uniq_prince_ribbit2
Lair:4:   hangedman_what_comes_after_a, uniq_nessos
Lair:5:   infiniplex_staircase_pool
Lair:6:   due_jungle_book, slime_dummy
Orc:2:    st_orc_congregation, nicolae_alphabet_shops, mines3_lemuel,
          uniq_saint_roka
Sewer:    kennysheep_pipe_town
